Map: Abyssal Reef LE

Players

TheNicestGuy

  • Race: Terran Terran
  • League: Grandmaster
  • Spawn Location: 11:00

Railgan - Winner!

  • Race: Zerg Zerg
  • League: Grandmaster
  • Spawn Location: 5:00

VOD

Have the link to the VOD?

Description

Time

  • Played on: March 24, 2017, 6:13 p.m.
  • Length: 2:27
Show
View Real Time Build Order
Export as new Build Order

TheNicestGuy Terran 

Build Orders: Reaper Expand 

Get SALT Encoding   

  12  0:00  SCV  
  13  0:12  SCV  
  14  0:17  Supply Depot  
  14  0:24  SCV  
  15  0:28  Refinery  
  15  0:39  SCV  
  16  0:45  Barracks  
  16  0:51  SCV  
  17  1:03  SCV  
  18  1:15  SCV  
  19  1:32  Reaper, Orbital Command  
  20  1:45  Command Center  
  20  1:54  Factory  
  20  1:58  SCV  
  21  2:04  Refinery  
  21  2:15  Supply Depot  
  20  2:20  Bunker  
Show
View Real Time Build Order
Export as new Build Order

Railgan Zerg - Winner!

Build Orders: Pool Only 

Get SALT Encoding   

  12  0:02  Drone  
  13  0:15  Extractor  
  12  0:26  Spawning Pool  
  12  0:28  Drone  
  12  0:33  Drone  
  13  0:38  Drone  
  14  0:50  Overlord  
  14  1:13  Zergling x6  
  17  1:27  Queen  
  17  1:32  Zergling x2  
  20  1:39  Zergling x2  
  21  1:50  Baneling Nest  
  21  1:52  Zergling x2  
  21  2:03  Overlord  
Tags
 
Add a new tag
Caveats
  • Supply blocks, unpowered buildings, or Contaminate may cause inaccurate times.
  • Supply counts are checked every 10 seconds.